 Dungeon Crawl Stone Soup version 0.31-a0-1589-g8f5e8aebd6 (webtiles) character file.

Game seed: 7783278317696069736

123 Dordric the Changeling (level 4, 0/35 HPs)
             Began as a Draconian Shapeshifter on Jan 5, 2024.
             Slain by Grinder (5 damage)
             ... while paralysed by Grinder
             ... on level 3 of the Dungeon.
             The game lasted 00:02:39 (1863 turns).

Dordric the Changeling (Draconian Shapeshifter)     Turns: 1863, Time: 00:02:40

Health: 0/35       AC:  5    Str: 18    XL:     4   Next: 79%
Magic:  13/13      EV:  2    Int: 11    God:
Gold:   159        SH:  0    Dex: 10    Spells: 3/3 levels left

rFire   . .          .
                       - Unarmed
rCold   . . .        (no shield)
rNeg    . . .        (body armour unavailable)
rPois   .            (helmet currently unavailable)
rElec   .            (cloak currently unavailable)
rCorr   .            (gloves currently unavailable)
SInv    .            (boots currently unavailable)
Will    .....        (no amulet)
Stlth   +            d - ring of magical power
HPRegen 0.25/turn    (no ring)
MPRegen 0.13/turn

%: no passive effects
@: paralysed, beast-form
A: beast (slay +3), AC +5, unfitting armour, cold-blooded
a: Begin Untransformation


You were on level 3 of the Dungeon.
You were a hulking beast.
You visited 1 branch of the dungeon, and saw 3 of its levels.

You collected 159 gold pieces.

Inventory:

Jewellery
 d - a ring of magical power (left hand)
 f - a ring of protection from fire
Talismans
 b - a beast talisman
 c - a flux talisman
Scrolls
 e - a scroll of teleportation
 i - a scroll of noise
 j - a scroll of revelation
 k - 2 scrolls of vulnerability
 m - a scroll of blinking
 n - a scroll of amnesia {unknown}
 o - a scroll of identify
Potions
 a - a potion of lignification
 g - a potion of magic {unknown}
 h - a potion of enlightenment {unknown}
 l - 3 potions of mutation {unknown}


   Skills:
 - Level 1.1 Fighting
 - Level 1.7 Dodging
 - Level 3.0 Unarmed Combat
 + Level 5.2 Shapeshifting


You had 3 spell levels left.
You didn't know any spells.
Your spell library contained the following spells:

 Spells                   Type           Power      Damage    Failure   Level
 Blink                    Tloc           0%         N/A       47%         2
 Jinxbite                 Hex            0%         N/A       47%         2
 Lesser Beckoning         Tloc           0%         N/A       47%         2
 Momentum Strike          Conj/Tloc      0%         3d8       47%         2
 Yara's Violent Unravell  Hex/Alch       0%         3d3       100%        5
 Enfeeble                 Hex            0%         N/A       100%        7


Dungeon Overview and Level Annotations

Branches:
Dungeon (3/15)

Altars:
Gozag
Qazlal
Vehumet

Shops:
D:3 *?

Annotations:
D:3 2 transporters, Grinder


Innate Abilities, Weirdness & Mutations

You are a hulking beast.
Your limbs bulge with bestial killing power. (Slay +3)
Your plain brown scales are hard. (AC +5)
You cannot fit into any form of body armour.
You are cold-blooded and may be slowed by cold attacks.


Message History

Grinder hits you.
You writhe in agony.
You barely miss Grinder. You tail-slap Grinder.
Grinder is moderately wounded.
You hit Grinder.
Grinder is moderately wounded.
Grinder misses you.
You closely miss Grinder.
Grinder is moderately wounded.
Grinder closely misses you.
You barely miss Grinder.
Grinder is moderately wounded.
Grinder misses you.
You hit Grinder.
Grinder is heavily wounded.
Grinder misses you.
You closely miss Grinder.
Grinder is heavily wounded.
Grinder hits you.
You writhe in agony.
You are too injured to fight recklessly!
You are too injured to fight recklessly!
You are too injured to fight recklessly!
You are too injured to fight recklessly!
You are too injured to fight recklessly!
You are too injured to fight recklessly!
You are too injured to fight recklessly!
You are too injured to fight recklessly!
You are too injured to fight recklessly!
You are too injured to fight recklessly!
You barely miss Grinder. You tail-slap Grinder.
Grinder is heavily wounded.
Grinder gestures at you.
You suddenly lose the ability to move!
Grinder hits you but does no damage. Grinder hits you!
* * * LOW HITPOINT WARNING * * *
You writhe in agony.
* * * LOW HITPOINT WARNING * * *
Grinder hits you.
You die...
Grinder sighs, "Dead already?
I want a refund."

.#.#~~~~~#..###
.#.#~~~~S#...##
.#.#~P~~S#....#
.#.#~~⌠~~#..#.##
...#~~P~~#..#..#
...#~...~#..##.#
...#~...~#..##.# ####
...###+###..##.##)..#
...#P./.P#.<##..h5..#
...#8.©.8#..#####...#
...###### ...#
......©.. ...#
....#... #### ..^....
.......... ..........
..........


You could see Grinder.

Vanquished Creatures
  A gnoll (D:1)
  5 adders (D:2)
  2 dart slugs
  A ribbon worm (D:2)
  9 bats
  4 endoplasms
  A giant cockroach (D:1)
  8 goblins
  4 hobgoblins (D:1)
  4 jackals (D:1)
  4 kobolds
  3 quokkas (D:1)
  7 ball pythons
  2 frilled lizards (D:1)
  2 rats
57 creatures vanquished.

Vanquished Creatures (others)
  A goblin (D:2)
1 creature vanquished.

Grand Total: 58 creatures vanquished

Notes
Turn   | Place    | Note
-------+----------+-------------------------------------------
     0 | D:1      | Dordric the Draconian Shapeshifter began the quest for the
                  | Orb.
     0 | D:1      | Reached XP level 1. HP: 16/16 MP: 1/1
   162 | D:1      | Reached XP level 2. HP: 17/23 MP: 2/2
   612 | D:1      | Reached skill level 4 in Shapeshifting
   744 | D:1      | Reached XP level 3. HP: 28/28 MP: 3/3
  1376 | D:2      | Reached XP level 4. HP: 35/35 MP: 4/4
  1427 | D:2      | Reached skill level 5 in Shapeshifting
  1567 | D:3      | Found Olutteile's Magic Scroll Boutique.
  1573 | D:3      | Identified the +4 ring mail of Conscience {Will+}
  1689 | D:3      | Found an opulent altar of Gozag.
  1689 | D:3      | Found a radiant altar of Vehumet.
  1690 | D:3      | Found a stormy altar of Qazlal.
  1757 | D:3      | Found Fokuesor's Assorted Antiques.
  1805 | D:3      | Found a transporter.
  1807 | D:3      | Found a transporter.
  1843 | D:3      | Noticed Grinder
  1860 | D:3      | Paralysed by Grinder for 5 turns
  1863 | D:3      | Slain by Grinder

Illustrated notes

Levels and vault maps discovered:
D:1:      lightli_arrival_noodles, layout_basic, minmay_misc_feat_enclosed
D:2:      layout_basic, minmay_mini_jars
D:3:      gammafunk_steamed_eel, layout_rooms, gammafunk_temple_overflow_claw,
          serial_shops, shop, shop, nicolae_shop_rolled_up,
          nicolae_shop_rolled_up, uniq_grinder

Skill      XL: |  1  2  3  4 |
---------------+-------------+-----
Shapeshifting  | 4 5 |  5.2
Fighting       | |  1.1
Dodging        | |  1.7
Unarmed Combat | |  3.0

Action                     |  1- 3 |  4- 6 || total
---------------------------+-------+-------++-------
  Melee: Unarmed           |    92 |    71 ||   163
         Tailslap          |    14 |     5 ||    19
         Punch             |       |     1 ||     1
    Use: Scroll            |       |     5 ||     5
 Armour: Skin              |    49 |    66 ||   115
  Dodge: Dodged            |    68 |    61 ||   129

Table legend: (Time is in decaauts)
 A = Elapsed time spent in this place.
 B = Non-inter-level travel time spent in this place.
 C = Inter-level travel time spent in this place.
 D = Time resting spent in this place.
 E = Time spent auto-exploring this place.
 F = Levels seen in this place.
 G = Mean time per level.
                   A        B        C        D        E       F      G
               +--------+--------+--------+--------+--------+-----+--------+
         Total |   1856 |   1826 |     30 |     30 |   1447 |   3 |  618.7 |
       Dungeon |   1856 |   1826 |     30 |     30 |   1447 |   3 |  618.7 |
               +--------+--------+--------+--------+--------+-----+--------+

Top non-repeatable levels by time:
     D:1: 971 daAuts
     D:2: 587 daAuts
     D:3: 297 daAuts
